AoeStats
← łahcim

Arabia

507065735Analyzed
1v1 RM · 15d ago on Sep 16, 2026· 23m 37s· 2 players
Game mode
Random Map
Map size
Tiny (2 player)
Population
200
Speed
Normal
Resources
Standard
Victory
Conquest
Starting age
Dark Age
Ending age
Imperial Age
RankedLock teamsTeams togetherTeam positionsShared explorationLock speedFull tech treeHidden civsTurbo modeCheats
Victory
Defeat
🇨🇭 Franks · Switzerland
877
+18
🇵🇱 Persians · Poland
910
-47
lucas.dangelo.20
8:50 Loom
8:57 Loom
12:25 Feudal Age
21:06 Castle Age
20:09 Scale Barding Armor
21:34 Double-Bit Axe
23:59 Chain Barding Armor
łahcim
7:42 Loom
11:54 Feudal Age
20:27 Castle Age
23:14 Scale Barding Armor
Connection lost

Rejoining the realm…

Still unreachable

The connection could not be restored.

Session expired

The server has moved on; the page needs a fresh start.